 Dungeon Crawl Stone Soup version 0.27-a0-789-g6bb3289e1e (webtiles) character file.

Game seed: 10956528522358544999

14256 porpoise the Nimble (level 11, -1/64 HPs)
             Began as a Deep Elf Conjurer on Mar 27, 2021.
             Was an Elder of Vehumet.
             Succumbed to a queen bee's poison
             ... on level 1 of the Lair of Beasts.
             The game lasted 01:05:37 (12426 turns).

porpoise the Nimble (Deep Elf Conjurer)            Turns: 12426, Time: 01:05:37

Health: -1/64      AC: 11    Str:  6    XL:     11   Next: 86%
Magic:  27/40      EV: 15    Int: 28    God:    Vehumet [****..]
Gold:   517        SH: 10    Dex: 13    Spells: 0/22 levels left

rFire    + + +     SeeInvis .   b - +1 hunting sling (flame)
rCold    . . .     Faith    .   k - +0 buckler
rNeg     . . .     Spirit   .   N - +3 leather armour of Misanthropy {rF++}
rPois    .         Reflect  +   t - +1 helmet {Int+3}
rElec    .         Harm     .   P - +0 cloak
rCorr    .         Rampage  .   (no gloves)
Will     +....                  v - +0 pair of boots
Stlth    +++.......             l - amulet "Gyng" {Reflect rF+ SH+5}
HPRegen  0.20/turn              I - ring of magical power
MPRegen  0.27/turn              T - ring of magical power

@: lethally poisoned (-1 -> -39), very slightly contaminated
A: no striking features
a: Renounce Religion


You were on level 1 of the Lair of Beasts.
You worshipped Vehumet.
Vehumet was greatly pleased with you.
You visited 3 branches of the dungeon, and saw 12 of its levels.

You collected 609 gold pieces.
You spent 92 gold pieces at shops.

Inventory:

Hand Weapons
 a - a +4 whip of electrocution
 b - a +1 hunting sling of flaming (weapon)
 z - a +2 trident of venom
 R - the +7 quarterstaff of Soll {vorpal, SInv}
   (You found it on level 8 of the Dungeon)

   It inflicts extra damage upon your enemies.
   It lets you see invisible.
 V - the +9 flail of Tomorrow {holy, +Rage rElec}
   (You found it on level 8 of the Dungeon)

   It has been blessed by the Shining One to cause great damage to the undead
   and demons.
   It insulates you from electricity.
   It lets you go berserk.
Missiles
 g - 4 javelins
 j - 10 throwing nets
 m - 101 sling bullets (quivered ammo)
 r - 41 poisoned darts
 x - 10 boomerangs
 U - 6 boomerangs of dispersal
 Y - a curare-tipped dart
Armour
 k - a +0 buckler (worn)
 s - a +1 robe of positive energy
 t - a +1 helmet of intelligence (worn)
 v - a +0 pair of boots (worn)
 L - +0 steam dragon scales
 N - the +3 leather armour of Misanthropy (worn) {rF++}
   (You found it on level 7 of the Dungeon)

   It greatly protects you from fire.
 P - a +0 cloak (worn)
 W - a +2 hat
 X - a +0 troll leather armour
Magical Staves
 p - a staff of earth
 w - a staff of conjuration
Jewellery
 f - a ring of fire
 l - the amulet "Gyng" (around neck) {Reflect rF+ SH+5}
   (You acquired it on level 8 of the Dungeon)

   [amulet of reflection]

   It shields you and reflects attacks.
   It protects you from fire.
   It affects your SH (+5).
 o - an amulet of guardian spirit
 A - an amulet of regeneration
 C - an amulet of magic regeneration
 I - a ring of magical power (right hand)
 T - a ring of magical power (left hand)
Wands
 y - a wand of random effects (37)
 J - a wand of digging (4)
 K - a wand of iceblast (5)
 Q - a wand of mindburst (7)
Scrolls
 d - 2 scrolls of blinking
 i - 2 scrolls of enchant weapon
 u - a scroll of magic mapping
 F - 3 scrolls of teleportation
 H - 2 scrolls of fog
Potions
 c - 3 potions of heal wounds
 e - 2 potions of flight
 h - 6 potions of attraction
 n - 4 potions of brilliance
 q - 4 potions of curing
 B - 3 potions of resistance
 D - a potion of ambrosia
 E - a potion of invisibility
 M - a potion of mutation
 O - a potion of might
 S - a potion of cancellation
 Z - a potion of lignification
Miscellaneous
 G - a box of beasts


   Skills:
 - Level 6.1 Fighting
 + Level 4.0 Armour
 - Level 9.4 Dodging
 - Level 5.0 Stealth
 - Level 6.7 Shields
 - Level 6.3 Spellcasting
 - Level 9.0 Conjurations
 - Level 7.5 Hexes
 - Level 7.0 Translocations
 + Level 4.9 Air Magic
 - Level 7.5 Evocations


You couldn't memorise any spells.
You knew the following spells:

 Your Spells              Type           Power      Damage    Failure   Level
a - Magic Dart            Conj           100%       1d8       1%          1
b - Searing Ray           Conj           100%       3d7       1%          2
c - Fulminant Prism       Conj/Hex       26%        3d14      1%          4
d - Iskenderun's Mystic   Conj/Tloc      52%        2d11      1%          4
i - Ignite Poison         Fire/Tmut/Pois 8%         N/A       7%          3
o - Olgreb's Toxic Radia  Pois           8%         N/A       22%         4
r - Airstrike             Air            18%        N/A       3%          4

Your spell library contained the following spells:

 Spells                   Type           Power      Damage    Failure   Level
 Sticky Flame             Conj/Fire      34%        2d5       4%          4
 Apportation              Tloc           96%        N/A       1%          1
 Corona                   Hex            55%        N/A       1%          1
 Shock                    Conj/Air       100%       1d9       1%          1
 Swiftness                Air            36%        N/A       1%          2
 Dazzling Flash           Conj/Hex       100%       N/A       1%          3
 Gell's Gravitas          Tloc           24%        N/A       1%          3
 Portal Projectile        Hex/Tloc       98%        N/A       1%          3
 Static Discharge         Conj/Air       47%        N/A       1%          3
 Passage of Golubria      Tloc           N/A        N/A       4%          4
 Lightning Bolt           Conj/Air       23%        1d39      4%          5
 Summon Guardian Golem    Hex/Summ       29%        N/A       5%          3
 Animate Skeleton         Necr           16%        N/A       9%          1
 Beastly Appendage        Tmut           16%        N/A       9%          1
 Summon Small Mammal      Summ           32%        N/A       9%          1
 Call Imp                 Summ           8%         N/A       14%         2
 Wereblood                Tmut           8%         N/A       14%         2
 Manifold Assault         Tloc           48%        N/A       14%         5
 Call Canine Familiar     Summ           8%         N/A       26%         3
 Spider Form              Tmut/Pois      4%         N/A       26%         3
 Summon Lightning Spire   Summ/Air       22%        N/A       32%         4
 Dispersal                Tloc           24%        N/A       61%         6
 Ice Form                 Ice/Tmut       8%         N/A       65%         4
 Summon Ice Beast         Ice/Summ       8%         N/A       65%         4
 Blade Hands              Tmut           4%         N/A       94%         5
 Disjunction              Tloc           24%        N/A       100%        8


Dungeon Overview and Level Annotations

Branches:
Dungeon (10/15)            Temple (1/1) D:5            Lair (1/6) D:10
    Orc (0/2) D:9

Altars:
Ashenzari
Cheibriados
Dithmenos
Elyvilon
Fedhas
Gozag
Hepliaklqana
Kikubaaqudgha
Makhleb
Nemelex Xobeh
Okawaru
Qazlal
Ru
Sif Muna
Trog
Uskayaw
Vehumet
Wu Jian
Xom
Yredelemnul
Zin
The Shining One

Shops:
D:4 [   D:9 *


Message History

Confirm with . or Enter, or press ? or * to list all spells.
Aiming: Fulminant Prism (dangerous; 1% risk of failure)
Press: ? - help, Dir - move target, p - killer bee You miscast Fulminant Prism.
You are very lightly contaminated with residual magic.
Nothing appears to happen.
Casting: Fulminant Prism (dangerous; 1% risk of failure)
Confirm with . or Enter, or press ? or * to list all spells.
Aiming: Searing Ray (safe; 1% risk of failure)
Press: ? - help, Shift-Dir - straight line, f - queen bee
Aim: a queen bee (17% to evade)
The searing ray misses the killer bee.
The searing ray hits the queen bee!
The queen bee is moderately wounded. (Press . to maintain the ray.)
You block the killer bee's attack. The killer bee stings you!
Casting: Searing Ray (safe; 1% risk of failure)
Confirm with . or Enter, or press ? or * to list all spells.
Aiming: Fulminant Prism (dangerous; 1% risk of failure)
Press: ? - help, Dir - move target, p - queen bee You conjure a prism of explosive energy!
A fulminant prism comes into view.
You block the killer bee's attack. x2
Casting: Fulminant Prism (dangerous; 1% risk of failure)
Confirm with . or Enter, or press ? or * to list all spells.
Aiming: Searing Ray (safe; 1% risk of failure)
Press: ? - help, Shift-Dir - straight line The searing ray hits the queen bee!
The queen bee is moderately wounded. (Press . to maintain the ray.)
The killer bee stings you!
You are poisoned.
The killer bee poisons you! You block the killer bee's attack.
The queen bee stings you!
You are lethally poisoned!
The queen bee poisons you!
Your fulminant prism crackles loudly.
The searing ray hits the queen bee.
The queen bee is heavily wounded.
Ouch! That really hurt!
You die...

#. ## #.#### ..## ....#
.(† ### #######..##
#†###.###.........#
#†.*...#......(....
######.†....#..........#
......yy................
.......@.....P.........#
............##.........#
#P#####.##.########.####
###### ###


You could see a queen bee (ally target), a killer bee and a friendly fulminant
prism.

Vanquished Creatures
  Gastronok (D:8)
  A two-headed ogre (D:10)
  Nergalle (Lair:1)
  Maggie (D:7)
  A kobold demonologist (D:10)
  A komodo dragon (Lair:1)
  2 trolls (D:10)
  2 shadows (D:9)
  2 wyverns
  A wraith (D:10)
  5 yaks (D:9)
  2 steam dragons
  2 wargs (D:10)
  A water moccasin (Lair:1)
  3 orc warriors
  2 black bears (D:5)
  An ice beast (D:6)
  2 ogres
  A sky beast (D:8)
  A wolf (D:6)
  5 centaurs
  2 phantoms
  A kobold brigand (D:8)
  4 gnoll sergeants (D:6)
  3 bullfrogs (D:7)
  A water moccasin zombie (D:4)
  2 troll zombies (D:9)
  A water moccasin skeleton (D:5)
  2 scorpions
  18 killer bees
  2 howler monkeys
  3 wights (D:9)
  An electric eel (D:9)
  3 centaur zombies
  2 gnoll shamans (D:6)
  8 orc priests
  13 hounds
  A bullfrog skeleton (D:4)
  An iguana (D:6)
  10 orc wizards
  A killer bee zombie (D:8)
  4 ogre zombies (D:9)
  The ghost of hellse the Sneak, a weakling DjDe of Makhleb (D:6)
  2 howler monkey zombies
  2 howler monkey skeletons
  18 gnolls
  3 adders
  A shadow imp (D:5)
  A white imp (D:8)
  2 worms
  2 dart slugs (D:1)
  37 orcs
  7 endoplasms
  2 giant cockroaches (D:2)
  3 goblins (D:2)
  8 hobgoblins
  7 jackals
  4 quokkas
  7 ball pythons
  10 bats
  4 frilled lizards
  A goblin zombie (D:9)
  A hobgoblin skeleton (D:9)
  3 hobgoblin zombies (D:9)
  15 kobolds
  3 orc skeletons (D:9)
  11 orc zombies (D:9)
  A rat (D:3)
277 creatures vanquished.

Vanquished Creatures (others)
  45 fulminant prisms
  4 plants
49 creatures vanquished.

Grand Total: 326 creatures vanquished

Notes
Turn   | Place    | Note
-------+----------+-------------------------------------------
     0 | D:1      | porpoise the Deep Elf Conjurer began the quest for the Orb.
     0 | D:1      | Reached XP level 1. HP: 10/10 MP: 6/6
   334 | D:1      | Reached XP level 2. HP: 15/15 MP: 1/8
   406 | D:1      | Learned a level 2 spell: Searing Ray
   775 | D:1      | Reached skill level 5 in Conjurations
   775 | D:1      | Reached XP level 3. HP: 15/19 MP: 0/10
  1693 | D:2      | Reached XP level 4. HP: 24/24 MP: 10/12
  1712 | D:2      | Learned a level 4 spell: Fulminant Prism
  1717 | D:2      | Learned a level 4 spell: Iskenderun's Mystic Blast
  2008 | D:2      | Found an iron altar of Okawaru.
  2733 | D:3      | Reached skill level 5 in Spellcasting
  3235 | D:4      | Reached XP level 5. HP: 28/28 MP: 9/14
  3266 | D:4      | Found Upnopsof's Antique Armour Emporium.
  3281 | D:4      | Bought a runed robe for 92 gold pieces
  3313 | D:4      | Reached skill level 1 in Fighting
  3743 | D:4      | Reached XP level 6. HP: 24/35 MP: 7/15
  3999 | D:5      | Entered Level 5 of the Dungeon
  4046 | D:5      | Found a staircase to the Ecumenical Temple.
  4053 | Temple   | Entered the Ecumenical Temple
  4147 | Temple   | Became a worshipper of Vehumet
  4553 | D:5      | Reached skill level 1 in Hexes
  4620 | D:5      | Reached XP level 7. HP: 41/41 MP: 12/16
  5639 | D:5      | Reached * piety under Vehumet
  5639 | D:5      | Offered knowledge of Foxfire by Vehumet.
  5733 | D:5      | Reached skill level 5 in Hexes
  5856 | D:6      | Reached XP level 8. HP: 48/48 MP: 13/17
  5932 | D:6      | Found a runed translucent door.
  5932 | D:6      | Noticed hellse's ghost (weakling DjDe)
  5946 | D:6      | Killed hellse's ghost
  6183 | D:6      | Reached skill level 5 in Fighting
  6201 | D:6      | Reached skill level 5 in Shields
  6201 | D:6      | Reached XP level 9. HP: 54/54 MP: 18/18
  6202 | D:6      | Reached XP level 10. HP: 60/60 MP: 18/21
  6208 | D:6      | Learned a level 4 spell: Airstrike
  6309 | D:6      | Found a glowing golden altar of the Shining One.
  7006 | D:6      | Reached skill level 5 in Translocations
  7074 | D:7      | Noticed Maggie
  7081 | D:7      | Killed Maggie
  7648 | D:7      | Identified the +0 pair of boots of Tenacity {Harm rN+}
  7653 | D:7      | Identified the +3 leather armour of Misanthropy {rF++}
  7797 | D:7      | Reached ** piety under Vehumet
  7975 | D:7      | Offered knowledge of Freeze by Vehumet.
  8019 | D:7      | Found a basalt altar of Yredelemnul.
  8125 | D:7      | Found a hide-covered altar of Uskayaw.
  8461 | D:8      | Identified the +7 quarterstaff of Soll {vorpal, SInv}
  8515 | D:8      | Identified the +9 flail of Tomorrow {holy, +Rage rElec}
  8597 | D:8      | Offered knowledge of Ignite Poison by Vehumet.
  8602 | D:8      | Learned a level 3 spell: Ignite Poison
  8934 | D:8      | Noticed Gastronok
  8958 | D:8      | Killed Gastronok
  8959 | D:8      | Reached skill level 5 in Stealth
  8959 | D:8      | Reached XP level 11. HP: 14/64 MP: 22/22
  9262 | D:8      | Identified 2 scrolls of acquirement
  9262 | D:8      | Acquired a +1 helmet of intelligence
  9276 | D:8      | Acquired the amulet "Gyng" {Reflect rF+ SH+5}
  9551 | D:9      | Found a sparkling altar of Nemelex Xobeh.
  9551 | D:9      | Found a glowing silver altar of Zin.
  9551 | D:9      | Found a snail-covered altar of Cheibriados.
  9572 | D:9      | Reached *** piety under Vehumet
  9632 | D:9      | Reached skill level 1 in Air Magic
  9816 | D:9      | Reached skill level 1 in Armour
  9836 | D:9      | Offered knowledge of Olgreb's Toxic Radiance by Vehumet.
  9895 | D:9      | Learned a level 4 spell: Olgreb's Toxic Radiance
 10097 | D:9      | Found a staircase to the Orcish Mines.
 10155 | D:9      | Found Rasemippu's Lightly-Used Armoury.
 10554 | D:9      | Acquired a staff of conjuration
 10948 | D:10     | Entered Level 10 of the Dungeon
 11268 | D:10     | Noticed a two-headed ogre
 11277 | D:10     | Killed a two-headed ogre
 11576 | D:10     | Reached **** piety under Vehumet
 11712 | D:10     | Found a staircase to the Lair.
 11825 | D:10     | Offered knowledge of Sticky Flame by Vehumet.
 12101 | Lair:1   | Entered Level 1 of the Lair of Beasts
 12101 | Lair:1   | Noticed Nergalle
 12111 | Lair:1   | Killed Nergalle
 12426 | Lair:1   | Succumbed to a queen bee's poison

Illustrated notes

Levels and vault maps discovered:
D:1:      evilmike_arrival_hilbert_curve, layout_basic, kennysheep_crisscross
D:2:      layout_loops_ring, okawaru_gym_becter
D:3:      layout_loops_cross, st_stairs_9, hangedman_decor_points
D:4:      layout_basic, serial_shops, shop
D:5:      layout_basic, temple_green, minmay_fractal_squares_gapless_5
D:6:      layout_cave_pools, hellmonk_ghost_happy_afterlife, serial_gnoll_camp,
          gnoll_camp_mini_house, gnoll_camp_mini_doghouse, gnoll_camp_medium_01,
          gnoll_camp_mini_house, gnoll_camp_mini_hut, gnoll_camp_mini_house,
          tso_altar
D:7:      cheibrodos_steamvent, layout_gridville, yredelemnul_altar_generic,
          nicolae_uskayaw_murder_on_the_dancefloor, uniq_maggie
D:8:      layout_basic, grunt_ogre_cave, uniq_gastronok
D:9:      layout_irregular_city, gammafunk_temple_overflow_forgotten,
          zombieorc1_lemuel, minmay_shop_damaged, minivault_14, minivault_10
D:10:     layout_gridville, erik_lair_orcish_takeover
Temple:   compressed_dpeg_circular_temple
Lair:1:   layout_roguey, ebering_ghost_xom, special_room [special_room_bee],
          uniq_nergalle

Skill      XL: |  1  2  3  4  5  6  7  8  9 10 11 |
---------------+----------------------------------+-----
Spellcasting   | 4 5 6 |  6.3
Conjurations   | 5 6 7 8 9 |  9.0
Fighting       | 2 3 4 5 6 |  6.1
Hexes          | 2 5 6 7 |  7.5
Dodging        | 8 9 |  9.4
Shields        | 5 6 |  6.7
Evocations     | 7 |  7.5
Translocations | 4 6 7 |  7.0
Stealth        | 5 |  5.0
Air Magic      | 4 |  4.9
Armour         | 4 |  4.0

Action                   |  1- 3 |  4- 6 |  7- 9 | 10-12 || total
-------------------------+-------+-------+-------+-------++-------
Melee: Dagger            |    11 |       |       |       ||    11
       Whip              |     4 |     3 |     1 |     3 ||    11
       Trident           |       |       |       |     2 ||     2
 Fire: Hunting sling     |       |     1 |    27 |   156 ||   184
Throw: Dart              |       |     4 |       |     1 ||     5
       Javelin           |       |     4 |       |       ||     4
       Throwing net      |       |       |     1 |     1 ||     2
 Cast: Magic Dart        |    55 |    16 |     3 |     2 ||    76
       Searing Ray       |     8 |    25 |    29 |   100 ||   162
       Fulminant Prism   |       |       |     2 |    44 ||    46
       Iskenderun's Myst |       |       |       |     3 ||     3
Evoke: Wand              |       |       |       |     1 ||     1
  Use: Scroll            |       |     6 |     2 |    17 ||    25
       Potion            |       |       |     2 |       ||     2
Armor: Robe              |     3 |       |     2 |     1 ||     6
       Leather armour    |       |       |       |     9 ||     9
Dodge: Dodged            |    14 |     4 |    21 |    58 ||    97
Block: Buckler           |       |       |       |    30 ||    30

Table legend: (Time is in decaauts)
 A = Elapsed time spent in this place.
 B = Non-inter-level travel time spent in this place.
 C = Inter-level travel time spent in this place.
 D = Time resting spent in this place.
 E = Time spent auto-exploring this place.
 F = Levels seen in this place.
 G = Mean time per level.
                   A        B        C        D        E       F      G
               +--------+--------+--------+--------+--------+-----+--------+
         Total |  12496 |  12219 |    277 |   4321 |   6074 |  12 | 1041.3 |
       Dungeon |  12064 |  11798 |    266 |   4127 |   5930 |  10 | 1206.4 |
        Temple |    105 |     94 |     11 |      0 |     69 |   1 |  105.0 |
          Lair |    325 |    325 |      0 |    194 |     75 |   1 |  325.0 |
               +--------+--------+--------+--------+--------+-----+--------+

Top non-repeatable levels by time:
     D:6: 1956 daAuts
     D:9: 1505 daAuts
     D:5: 1442 daAuts
     D:1: 1248 daAuts
     D:8: 1101 daAuts
    D:10: 1085 daAuts
     D:2: 1053 daAuts
     D:7: 974 daAuts
     D:3: 900 daAuts
     D:4: 796 daAuts
  Lair:1: 325 daAuts
  Temple: 105 daAuts
